 Dungeon Crawl Stone Soup version 0.31.0-9-g3a7656b989 (webtiles) character file.

Game seed: 2370082869394753554

29730 Kenran the Warrior (level 13, -5/149 HPs)
             Began as an Oni Gladiator on Feb 3, 2024.
             Was a Priest of Makhleb.
             Hit by a javelin thrown by Urug (23 damage)
             ... on level 12 of the Dungeon.
             The game lasted 00:41:16 (21006 turns).

Kenran the Warrior (Oni Gladiator)                 Turns: 21006, Time: 00:41:17

Health: -5/149     AC:  6    Str: 21    XL:     13   Next: 47%
Magic:  19/19      EV: 14    Int: 12    God:    Makhleb [***...]
Gold:   652        SH:  0    Dex: 14    Spells: 12/12 levels left

rFire   . .          .
                       - Unarmed
rCold   + . .        (shield currently unavailable)
rNeg    . . .        a - +0 robe
rPois   .            B - +2 hat
rElec   .            c - +2 cloak
rCorr   +            (gloves unavailable)
SInv    +            (boots unavailable)
Will    +....        y - amulet of faith {!P}
Stlth   +            m - ring of the Seer {rC+ rCorr Int+3}
HPRegen 0.44/turn    r - ring of see invisible
MPRegen 0.16/turn

%: faith
@: about to teleport, blade hands
A: large, unfitting armour, horns 1, tough skin 1, double potion healing,
drunken brawling
a: Begin Untransformation, Renounce Religion, Minor Destruction, Lesser Servant
of Makhleb


You were on level 12 of the Dungeon.
You worshipped Makhleb.
Makhleb was most pleased with you.
You had blades for hands.
You visited 2 branches of the dungeon, and saw 17 of its levels.

You collected 820 gold pieces.
You spent 168 gold pieces at shops.

Inventory:

Missiles
 d - 10 large rocks
 H - 2 curare-tipped darts (quivered)
Armour
 a - a +0 robe (worn)
 c - a +2 cloak (worn)
 B - a +2 hat (worn)
Jewellery
 h - a ring of fire
 m - the ring of the Seer (left blade hand) {rC+ rCorr Int+3}
   (You found it on level 2 of the Dungeon)

   [ring of protection from cold]

   Int+3:     It affects your intelligence (+3).
   rC+:       It protects you from cold.
   rCorr:     It protects you from acid and corrosion.
 r - a ring of see invisible (right blade hand)
 x - the ring "Qocwe" {*Slow Will+ MP+9 EV+5 Str+2}
   (You took it off a deep elf pyromancer on level 8 of the Dungeon)

   [ring of evasion]

   EV+5:      It affects your evasion (+5).
   Str+2:     It affects your strength (+2).
   Will+:     It increases your willpower.
   MP+9:      It affects your magic capacity (+9).
   *Slow:     It may slow you when you take damage.
 y - an amulet of faith (around neck) {!P}
 F - a ring of positive energy
Talismans
 s - a maw talisman
 C - a blade talisman (active)
Wands
 g - a wand of digging (3)
 t - a wand of polymorph (8)
 v - a wand of acid (1)
 A - a wand of charming (7)
Scrolls
 f - a scroll of teleportation
 i - 2 scrolls of enchant weapon
 j - 2 scrolls of brand weapon
 n - 2 scrolls of vulnerability {!r}
 o - 2 scrolls of fog
 q - a scroll of immolation {!r}
 u - 4 scrolls of enchant armour
 E - a scroll of acquirement {unknown}
Potions
 b - a potion of berserk rage {!q}
 e - 5 potions of curing {@q1}
 k - 4 potions of mutation {!q}
 l - 4 potions of magic
 p - 2 potions of brilliance
 z - 2 potions of might
 D - a potion of cancellation
 G - a potion of lignification {!q}
 I - a potion of attraction {unknown}
Miscellaneous
 w - a tin of tremorstones (2/2)


   Skills:
 - Level 15.0 Fighting
 - Level 2.0 Throwing
 + Level 10.1 Dodging
 - Level 13.0 Unarmed Combat
 - Level 8.0 Invocations
 + Level 1.2 Evocations
 - Level 10.0 Shapeshifting


You had 12 spell levels left.
You didn't know any spells.
Your spell library contained the following spells:

 Spells                   Type           Power      Damage    Failure   Level
 Sting                    Conj/Alch      0%         1d3       32%         1
 Mercury Vapours          Alch/Air       0%         N/A       45%         2
 Call Canine Familiar     Summ           0%         N/A       69%         3
 Dazzling Flash           Conj/Hex       0%         N/A       69%         3
 Mephitic Cloud           Conj/Alch/Air  0%         N/A       69%         3
 Sigil of Binding         Hex            0%         N/A       69%         3
 Dimensional Bullseye     Hex/Tloc       0%         N/A       97%         4
 Olgreb's Toxic Radiance  Alch           0%         N/A       97%         4
 Curse of Agony           Necr           0%         N/A       100%        5
 Silence                  Hex/Air        0%         N/A       100%        5


Dungeon Overview and Level Annotations

Branches:
Dungeon (12/15)            Temple (0/1) D:5            Lair (5/5) D:10
 Shoals (0/4) Lair:3        Snake (0/4) Lair:3        Slime (0/5) Lair:4
    Orc (0/2) D:12

Altars:
Ashenzari
Cheibriados
Dithmenos
Elyvilon
Fedhas
Kikubaaqudgha
Makhleb
Nemelex Xobeh
Sif Muna
Trog
Uskayaw
Vehumet
Wu Jian
Jiyva

Shops:
D:2 ?   D:3 :   D:4 ?   D:8 (

Annotations:
D:5 exclusion: oklob plant
D:11 2 transporters, mefis's ghost, novice DEIE
D:12 Urug
Lair:1 3 runed translucent doors, Bauqient's ghost, journeyman MfSu
Lair:4 2 transporters


Innate Abilities, Weirdness & Mutations

You have blades for hands.
You are incapable of wielding weapons or throwing items.
You are too large for most types of armour.
You have a pair of small horns on your head.
You have tough skin. (AC +1)
You gain doubled healing and magic from potions.
Whenever you drink a healing potion, you attack all around you.


Message History

* * * LOW HITPOINT WARNING * * *
Okay, then.
Okay, then.
You savour every drop.
You feel better.
The centaur shoots an arrow.
The arrow hits your hellwing!
Your hellwing dies!
Your hellwing disappears in a puff of smoke!
Urug throws a javelin.
The javelin closely misses you.
You swap places.
The centaur shoots an arrow.
The arrow hits your hellwing.
Your hellwing swoops through the air toward the centaur!
Your hellwing hits the centaur! x2
A demon appears!
The centaur unwields a +0 shortbow.
The centaur barely misses your hellwing. x2
Urug hits your orange demon with a +0 demon trident of venom!
Your orange demon is poisoned.
Your hellwing hits the centaur. x2
The centaur dies!
Makhleb accepts your kill. What are your orders? t - Shout!
Orders for allies: a - Attack new target. p - Attack previous target. r - Retreat! s - Stop attacking. g - Guard the area. f - Follow me.
Anything else - Cancel.
Gang up on whom?
Press: ? - help, Dir - move target, f/p - Urug
Aim: Urug, wielding a +0 demon trident of venom, wearing a +0 scale mail and quivering javelins (lightly wounded, ally target)
Okay, then.
Unknown command.
As you read the scroll of teleportation, it crumbles to dust.
You feel strangely unstable.
Urug throws a javelin.
The javelin pierces through your orange demon!!
The javelin pierces through you!!
* * * LOW HITPOINT WARNING * * *
Your orange demon closely misses Urug.
Your orange demon hits Urug.
Urug throws a javelin.
The javelin closely misses your orange demon.
The javelin pierces through you!!
You die...
Urug screams, "Revenge at last!"

### .... ## ..... .#
###########.ยง.... .#
########.....@..4o4.....
.###........#########......
.'...######## ..... .#####
..>. ## ###


You could see Urug (ally target), a friendly orange demon (summoned, very
poisoned) and a friendly hellwing (summoned).

Vanquished Creatures
  2 centaur warriors
  A two-headed ogre (D:10)
  A deep elf pyromancer (D:8)
  A manticore (D:11)
  6 elephants (Lair:4)
  3 cyclopes (D:11)
  3 black mambas
  3 cane toads
  An unseen horror (D:11)
  A gargoyle (D:10)
  5 rime drakes
  5 komodo dragons
  A kobold demonologist (D:8)
  2 trolls (D:11)
  5 polar bears
  Prince Ribbit (D:9)
  3 blink frogs (Lair:3)
  A snapping turtle (Lair:3)
  A slime creature (Lair:4)
  2 vampires
  2 shadows
  2 wyverns
  A wraith (D:11)
  18 yaks
  2 steam dragons (D:8)
  An acid dragon (D:11)
  A naga (Lair:3)
  9 water moccasins
  5 ice beasts
  5 orc warriors
  4 sky beasts (D:7)
  2 black bears (Lair:1)
  A laughing skull (D:8)
  4 centaurs
  2 ogres
  3 wolves (D:11)
  A kobold brigand (D:8)
  2 gnoll sergeants
  11 bullfrogs
  2 scorpions
  A wight (D:7)
  12 killer bees
  4 howler monkeys
  3 electric eels (Lair:1)
  4 lava snakes
  2 bombardier beetles
  6 orc priests
  4 hounds
  5 jellies
  Crazy Yiuf (D:2)
  2 iguanas
  13 orc wizards
  10 gnolls
  6 adders
  3 white imps
  2 ufetubi (D:7)
  2 dart slugs
  3 ribbon worms
  33 orcs
  5 ball pythons
  4 bats
  8 endoplasms
  3 giant cockroaches
  6 goblins
  3 hobgoblins
  8 jackals
  7 kobolds
  2 quokkas
  3 rats
291 creatures vanquished.

Vanquished Creatures (collateral kills)
  3 two-headed ogres
  Sonja (D:11)
  Amaemon (Lair:2)
  2 black mambas
  An orange demon (Lair:2)
  A komodo dragon (D:10)
  A water elemental (Lair:3)
  A vampire (D:8)
  A basilisk (Lair:3)
  4 yaks
  Grum (D:11)
  2 water moccasins
  A centaur (D:12)
  A wight (D:7)
  A killer bee (D:10)
  3 electric eels (Lair:1)
  4 orcs
29 creatures vanquished.

Vanquished Creatures (others)
  A hornet (D:6)
  3 wights (D:7)
  A butterfly (D:5)
5 creatures vanquished.

Grand Total: 325 creatures vanquished

Notes
Turn   | Place    | Note
-------+----------+-------------------------------------------
     0 | D:1      | Kenran the Oni Gladiator began the quest for the Orb.
     0 | D:1      | Reached XP level 1. HP: 22/22 MP: 1/1
   244 | D:1      | Reached XP level 2. HP: 26/29 MP: 2/2
   865 | D:2      | Reached XP level 3. HP: 34/36 MP: 3/3
   993 | D:2      | Reached skill level 5 in Unarmed Combat
  1008 | D:2      | Found The Oracle's Delphic Readings.
  1012 | D:2      | Bought a scroll of identify for 28 gold pieces
  1016 | D:2      | Bought a scroll of identify for 28 gold pieces
  1016 | D:2      | Bought a scroll of identify for 28 gold pieces
  1330 | D:2      | Found a runed translucent door.
  1331 | D:2      | Noticed Crazy Yiuf
  1387 | D:2      | Identified the ring of the Seer {rC+ rCorr Int+3}
  1735 | D:3      | Reached XP level 4. HP: 44/44 MP: 4/4
  2090 | D:3      | Found a sparkling altar of Nemelex Xobeh.
  2090 | D:3      | Found an ornate altar of the Wu Jian Council.
  2103 | D:3      | Found a faded altar of an unknown god.
  2105 | D:3      | Found a bloodstained altar of Trog.
  2106 | D:3      | Found a shimmering blue altar of Sif Muna.
  2115 | D:3      | Prayed at the altar of an unknown god.
  2115 | D:3      | Became a worshipper of Makhleb the Destroyer
  2115 | D:3      | Reached * piety under Makhleb
  2241 | D:3      | Found Ceh Weap's Book Emporium.
  2684 | D:4      | Reached XP level 5. HP: 39/50 MP: 5/5
  2862 | D:4      | Found Dyehaar's Magic Scroll Shoppe.
  2870 | D:4      | Bought a scroll of identify for 28 gold pieces
  2870 | D:4      | Bought a scroll of identify for 28 gold pieces
  2870 | D:4      | Bought a scroll of identify for 28 gold pieces
  3202 | D:5      | Entered Level 5 of the Dungeon
  3256 | D:5      | Noticed an ogre
  3281 | D:5      | Noticed a water moccasin
  3285 | D:5      | Found a blossoming altar of Fedhas.
  3296 | D:5      | Reached XP level 6. HP: 46/59 MP: 6/6
  3577 | D:5      | Found a staircase to the Ecumenical Temple.
  3611 | D:5      | Identified the +0 ring mail of Lutez {+Blink Str+5}
  3693 | D:5      | Found a white marble altar of Elyvilon.
  3738 | D:4      | Reached ** piety under Makhleb
  3741 | D:4      | Reached XP level 7. HP: 53/66 MP: 7/7
  3979 | D:4      | Reached skill level 10 in Unarmed Combat
  3979 | D:4      | Reached skill level 3 in Fighting
  4314 | D:5      | Reached skill level 1 in Invocations
  4475 | D:5      | Reached skill level 4 in Fighting
  4685 | D:5      | Noticed an oklob plant
  4898 | D:6      | Reached skill level 5 in Fighting
  4898 | D:6      | Reached XP level 8. HP: 80/80 MP: 9/11
  5345 | D:6      | Found an ancient bone altar of Kikubaaqudgha.
  5347 | D:6      | Noticed a hornet
  5360 | D:6      | Paralysed by a hornet for 1 turns
  5362 | D:6      | Paralysed by a hornet for 1 turns
  6552 | D:4      | Found Dyehaar's Magic Scroll Shoppe.
  7522 | D:3      | Found a sparkling altar of Nemelex Xobeh.
  7522 | D:3      | Found an ornate altar of the Wu Jian Council.
  7530 | D:3      | Found a burning altar of Makhleb.
  7532 | D:3      | Found a bloodstained altar of Trog.
  7534 | D:3      | Found a shimmering blue altar of Sif Muna.
  7807 | D:3      | Found Ceh Weap's Book Emporium.
  8240 | D:7      | Reached skill level 6 in Fighting
  8240 | D:7      | Reached skill level 5 in Invocations
  8285 | D:7      | Reached XP level 9. HP: 57/89 MP: 13/13
  8653 | D:7      | Found a broken altar of Ashenzari.
  9164 | D:7      | Found a snail-covered altar of Cheibriados.
  9435 | D:2      | Killed Crazy Yiuf
  9436 | D:2      | Reached skill level 5 in Dodging
  9910 | D:8      | Reached skill level 7 in Fighting
  9985 | D:8      | Found Kiskih's Weapon Emporium.
 10215 | D:8      | Reached skill level 8 in Fighting
 10253 | D:8      | Noticed a two-headed ogre
 10684 | D:9      | Reached skill level 1 in Shapeshifting
 10694 | D:9      | Found a burning altar of Makhleb.
 10853 | D:9      | Reached *** piety under Makhleb
 10940 | D:9      | Noticed a +0 short sword
 10941 | D:9      | Noticed a +0 dagger
 10941 | D:9      | Noticed a +0 spear
 10941 | D:9      | Noticed a +0 falchion
 10941 | D:9      | Noticed a +0 dagger
 10941 | D:9      | Noticed a +0 spear
 10941 | D:9      | Noticed a +0 short sword
 10941 | D:9      | Noticed a +0 falchion
 10945 | D:9      | Found a hide-covered altar of Uskayaw.
 11285 | D:9      | Reached XP level 10. HP: 53/104 MP: 14/14
 11290 | D:9      | Reached skill level 5 in Shapeshifting
 11553 | D:9      | Found a radiant altar of Vehumet.
 12129 | D:9      | Noticed Prince Ribbit
 12153 | D:9      | Killed Prince Ribbit
 12612 | D:10     | Entered Level 10 of the Dungeon
 13026 | D:10     | Found a staircase to the Lair.
 13063 | D:10     | Reached XP level 11. HP: 71/111 MP: 15/15
 13236 | D:10     | Reached skill level 10 in Shapeshifting
 13407 | D:10     | Found a shadowy altar of Dithmenos.
 13617 | D:10     | Noticed a two-headed ogre
 13622 | D:10     | Killed a two-headed ogre
 13623 | D:10     | Reached skill level 9 in Fighting
 13754 | D:10     | Noticed a two-headed ogre
 13760 | D:10     | HP: 2/115 [two-headed ogre/+0 giant club (5)]
 13761 | D:10     | Killed a two-headed ogre
 13762 | D:10     | Reached skill level 10 in Fighting
 14384 | D:9      | Found a burning altar of Makhleb.
 14490 | D:9      | Found a radiant altar of Vehumet.
 14771 | D:9      | Found a hide-covered altar of Uskayaw.
 15000 | D:8      | Killed a two-headed ogre
 15001 | D:8      | Reached skill level 11 in Fighting
 15118 | D:8      | Noticed a two-headed ogre
 15147 | D:8      | Killed a two-headed ogre
 15148 | D:8      | Reached skill level 12 in Fighting
 15178 | D:8      | Identified the ring "Qocwe" {*Slow Will+ MP+9 EV+5 Str+2}
 15178 | D:8      | Noticed a deep elf pyromancer
 15178 | D:8      | Noticed a centaur warrior
 15186 | D:8      | Killed a deep elf pyromancer
 15206 | D:8      | Killed a centaur warrior
 15254 | D:8      | Identified the staff "Samilod" {rElec rF+ rC++ Int-4 SInv
                  | Fire}
 15378 | Lair:1   | Entered Level 1 of the Lair of Beasts
 15515 | Lair:1   | Reached XP level 12. HP: 75/132 MP: 16/16
 16098 | Lair:1   | Found a runed translucent gate.
 16098 | Lair:1   | Found a runed translucent gate.
 16098 | Lair:1   | Found a runed translucent gate.
 16126 | Lair:1   | Noticed Bauqient's ghost (journeyman MfSu)
 16731 | Lair:2   | Noticed Amaemon
 16744 | Lair:2   | Killed Amaemon
 17103 | Lair:2   | Noticed a six-headed hydra
 17493 | Lair:3   | Reached skill level 10 in Dodging
 17508 | Lair:3   | Found a staircase to the Snake Pit.
 17773 | Lair:3   | Found a staircase to the Shoals.
 18132 | Lair:3   | Found a staircase to the Snake Pit.
 18503 | Lair:3   | Found a staircase to the Shoals.
 18944 | Lair:4   | Found a transporter.
 18999 | Lair:4   | Reached XP level 13. HP: 109/140 MP: 19/19
 19016 | Lair:4   | Found a viscous altar of Jiyva.
 19016 | Lair:4   | Found a staircase to the Slime Pits.
 19030 | Lair:4   | Identified the +7 whip of Instant Death {freeze, Fly rCorr}
 19348 | Lair:4   | Found a transporter.
 19370 | Lair:4   | Reached skill level 13 in Fighting
 19781 | Lair:5   | Entered Level 5 of the Lair of Beasts
 20027 | D:11     | Found a transporter.
 20054 | D:11     | Found a transporter.
 20055 | D:11     | Noticed mefis's ghost (novice DEIE)
 20142 | D:11     | Reached skill level 14 in Fighting
 20222 | D:11     | Reached **** piety under Makhleb
 20422 | D:11     | Noticed Grum
 20431 | D:11     | Killed Grum
 20491 | D:11     | Noticed Sonja
 20498 | D:11     | Killed Sonja
 20499 | D:11     | Reached skill level 15 in Fighting
 20759 | D:11     | Reached skill level 1 in Evocations
 20941 | D:12     | Found a staircase to the Orcish Mines.
 20989 | D:12     | Noticed Urug
 21006 | D:12     | Hit by a javelin thrown by Urug

Illustrated notes

Levels and vault maps discovered:
D:1:      saegor_arrival_simple_b, layout_basic, wad_floor_pattern_1,
          palyth_stone_intersect
D:2:      layout_loops_corners, nicolae_nh_oracle_at_delphi,
          uniq_crazy_yiuf_cottage
D:3:      layout_loops_ring, chequers_temple_overflow_minitemple, serial_shops,
          shop, nicolae_eternal_life, chequers_serial_rivers_small_3,
          kennysheep_nondescript
D:4:      layout_loops_corners, serial_rivers, chequers_serial_rivers_small_b,
          chequers_serial_rivers_micro_a, chequers_serial_rivers_large_b,
          chequers_serial_rivers_room_a, serial_shops, shop, hex_tiny,
          amcnicky_mini_rare_corridor_liquid
D:5:      layout_rooms, nicolae_elyvilon_peaceful_grove, tgw_fedhas,
          minmay_temple_entry_fiery
D:6:      layout_basic, kiku_gazebo_garden_becter
D:7:      layout_basic, nicolae_ashenzari_panopticon, slow_altar_1,
          kennysheep_donut
D:8:      layout_rooms, serial_shops, shop, minmay_pinched_square
D:9:      layout_irregular_city, mainiacjoe_overflow_brackets, bloody_makhleb,
          nicolae_uskayaw_en_pointe, serial_rivers,
          chequers_serial_rivers_small_3, chequers_serial_rivers_micro_b,
          chequers_serial_rivers_small_a, chequers_serial_rivers_room_b,
          chequers_serial_rivers_micro_e, chequers_serial_rivers_micro_d,
          kennysheep_small_spiral, kennysheep_small_circle, uniq_prince_ribbit1
D:10:     layout_irregular_city, nicolae_overflow_crystal_walls,
          hellmonk_lair_entry_icy, serial_rivers, chequers_serial_rivers_room_b,
          chequers_serial_rivers_micro_a, chequers_serial_rivers_micro_d,
          chequers_serial_rivers_micro_a, chequers_serial_rivers_small_3,
          chequers_serial_rivers_marsh, corexii_leaking_fountain
D:11:     minmay_clustersquares, layout_small_grid, gammafunk_ghost_stat_death,
          minmay_fountain_box, kennysheep_cluttered_room, serial_park_tiny_1,
          uniq_grum, uniq_sonja
D:12:     layout_roguey, orc_0_dummy, portal_ice_cave_entry_pillars_2,
          dk_noncrumbling_2, kennysheep_generic_room_12, uniq_azrael,
          uniq_maurice, uniq_urug
Lair:1:   layout_hall_layers, gammafunk_ghost_icy, serial_bayou_lake_a,
          infiniplex_staircase_pool
Lair:2:   layout_big_grid, grunt_forest_large_clearing_hut, uniq_amaemon
Lair:3:   layout_roguey, minmay_shoals_entry_hut, guppyfry_snake_entry_island
Lair:4:   gammafunk_cloud_chamber, layout_regular_city,
          minmay_slime_entry_pillars, columned_hall_lemuel
Lair:5:   cheibrodos_lair_end_hotspot, layout_regular_city, uniq_nessos

Skill      XL: |  1  2  3  4  5  6  7  8  9 10 11 12 13 |
---------------+----------------------------------------+-----
Unarmed Combat | 3 4 5 6 8 9 10 12 13 | 13.0
Fighting       | 5 6 8 12 15 | 15.0
Invocations    | 4 6 8 |  8.0
Dodging        | 5 7 10 | 10.1
Shapeshifting  | 4 9 10 | 10.0
Evocations     | 1 |  1.2
Throwing       | |  2.0

Action                     |  1- 3 |  4- 6 |  7- 9 | 10-12 | 13-15 || total
---------------------------+-------+-------+-------+-------+-------++-------
  Melee: Unarmed           |    66 |   125 |   284 |   414 |    98 ||   987
         Headbutt          |    11 |    23 |    38 |   107 |    21 ||   200
         Punch             |     2 |     1 |    14 |    30 |    10 ||    57
         Maw               |       |       |       |    65 |       ||    65
  Throw: Throwing net      |       |       |     6 |       |       ||     6
         Large rock        |       |       |     1 |       |       ||     1
 Invoke: Lesser Servant of |       |       |       |    23 |     8 ||    31
  Evoke: Wand              |       |       |     7 |     1 |       ||     8
    Use: Scroll            |     2 |     9 |     2 |    13 |     5 ||    31
         Potion            |       |     1 |     3 |     5 |     2 ||    11
   Stab: Sleeping          |     1 |       |       |       |       ||     1
         Held in net/web   |       |       |     5 |       |       ||     5
         Distracted        |       |       |       |     3 |     3 ||     6
         Invisible         |       |       |       |     1 |       ||     1
 Armour: Robe              |    32 |    65 |   201 |   196 |    89 ||   583
         Skin              |       |       |       |   119 |       ||   119
  Dodge: Dodged            |    24 |    51 |   128 |   226 |    84 ||   513
   Form: Maw               |       |       |       |     1 |       ||     1
         Blade             |       |       |       |     1 |       ||     1
